Map: Automaton LE

Players

firefly

  • Race: Protoss Protoss
  • League: Gold
  • Spawn Location: 9:00

Has - Winner!

  • Race: Protoss Protoss
  • Spawn Location: 3:00

Event: 2019 WCS Winter Americas

VOD

Have the link to the VOD?

Description

Time

  • Played on: Feb. 10, 2019, 2:43 p.m.
  • Length: 8:23

All games in this series

Show
View Real Time Build Order
Export as new Build Order

firefly Protoss 

Build Orders: Oracle Opening 

Get SALT Encoding   

  12  0:00  Probe  
  13  0:12  Probe  
  14  0:18  Pylon  
  14  0:24  Probe  
  15  0:34  Probe  
  15  0:38  Gateway  
  15  0:42  Probe  
  16  0:48  Assimilator  
  17  0:51  Probe  
  18  0:57  Assimilator  
  18  1:03  Probe  
  19  1:14  Gateway  
  19  1:15  Probe  
  20  1:23  Probe  
  20  1:25  Cybernetics Core  
  20  1:31  Probe  
  21  1:39  Pylon  
  22  1:41  Probe  
  23  2:02  Warp Gate, Adept  
  23  2:03  Adept  
  27  2:11  Pylon  
  27  2:20  Stargate  
  27  2:27  Pylon  
  27  2:32  Adept  
  27  2:33  Adept  
  31  2:44  Stargate  
  31  3:05  Adept x2  
  34  3:20  Nexus  
  34  3:23  Oracle  
  35  3:37  Probe  
  36  3:49  Probe  
  36  3:53  Robotics Facility  
  37  4:01  Probe  
  38  4:03  Oracle  
  38  4:16  Probe  
  38  4:28  Probe  
  39  4:32  Forge  
  39  4:35  Probe  
  40  4:40  Probe  
  40  4:43  Observer  
  42  4:47  Probe  
  42  4:52  Probe  
  44  4:57  Pylon  
  44  4:58  Immortal  
  44  4:59  Probe  
  45  5:04  Probe  
  46  5:11  Probe  
  46  5:13  Protoss Ground Weapons Level 1  
  45  5:16  Probe  
  45  5:19  Shield Battery x2  
  46  5:23  Probe  
  46  5:24  Sentry  
  46  5:25  Sentry  
  51  5:35  Probe  
  52  5:42  Probe  
  57  5:47  Probe  
  58  5:51  Assimilator  
  58  5:54  Probe  
  58  5:55  Assimilator, Pylon  
  59  6:07  Robotics Facility  
  55  6:17  Probe  
  53  6:19  Probe  
  53  6:23  Stalker x2  
  58  6:29  Twilight Council  
  58  6:30  Probe  
  58  6:31  Pylon  
  58  6:32  Photon Cannon, Probe  
  60  6:35  Photon Cannon  
  60  6:45  Pylon  
  60  6:51  Immortal  
  60  6:52  Stalker x2  
  64  6:55  Pylon  
  63  7:11  Probe x2  
  56  7:15  Stalker x2  
  56  7:21  Photon Cannon  
  60  7:23  Probe x2  
  57  7:37  Probe x2  
  57  7:40  Stalker x2  
  62  7:53  Probe x2  
  56  8:05  Probe  
  56  8:06  Sentry  
  56  8:09  Sentry  
Show
View Real Time Build Order
Export as new Build Order

Has Protoss - Winner!

Build Orders: Blink Stalkers, Zealot Archon 

Get SALT Encoding   

  12  0:00  Probe  
  13  0:13  Probe  
  14  0:18  Pylon  
  14  0:23  Probe  
  15  0:32  Probe  
  15  0:38  Gateway  
  15  0:40  Probe  
  16  0:47  Assimilator  
  17  0:51  Probe  
  17  0:55  Assimilator  
  18  1:00  Probe  
  19  1:08  Probe  
  19  1:09  Gateway  
  20  1:20  Probe  
  21  1:25  Cybernetics Core  
  21  1:32  Probe  
  22  1:42  Pylon  
  22  1:44  Probe  
  23  2:00  Probe  
  24  2:02  Stalker, Warp Gate, Sentry  
  28  2:10  Pylon  
  28  2:13  Probe  
  29  2:20  Twilight Council  
  29  2:26  Probe  
  29  2:37  Stalker  
  29  2:39  Stalker  
  33  3:04  Shield Battery  
  33  3:12  Blink  
  33  3:13  Nexus  
  33  3:26  Stalker  
  36  3:29  Stalker  
  37  3:35  Shield Battery  
  38  3:44  Probe  
  38  3:53  Pylon  
  38  3:56  Probe  
  37  4:11  Probe  
  37  4:17  Pylon  
  37  4:20  Stalker  
  37  4:23  Stalker, Probe  
  42  4:34  Shield Battery  
  42  4:44  Stalker  
  44  4:46  Gateway  
  44  4:52  Stalker  
  46  4:53  Probe  
  47  5:05  Charge, Probe  
  44  5:13  Stalker  
  44  5:14  Probe  
  44  5:16  Stalker  
  47  5:28  Gateway  
  47  5:36  Gateway  
  47  5:39  Probe  
  48  5:48  Templar Archives  
  48  5:51  Probe  
  49  6:05  Probe  
  46  6:11  Zealot x2  
  46  6:12  Zealot  
  46  6:13  Probe  
  52  6:24  Pylon  
  54  6:35  Zealot, High Templar x2  
  54  6:38  Zealot  
  54  6:39  Archon  
  60  6:40  Zealot  
  62  6:52  Probe x2  
  60  7:11  Zealot x5  
  60  7:15  Probe x2  
  62  7:39  Zealot x5  
  56  8:02  Stalker x5  
Tags
 
Add a new tag
Caveats
  • Supply blocks, unpowered buildings, or Contaminate may cause inaccurate times.
  • Supply counts are checked every 10 seconds.